 Dungeon Crawl Stone Soup version 0.29.1-1-gd02db6906a (webtiles) character file.

Game seed: 5945292678200078249

658 safid the Skirmisher (level 7, -1/85 HPs)
             Began as a Minotaur Hunter on Oct 7, 2022.
             Killed by divine providence
             ... invoked by an orc priest
              (12 damage)
             ... on level 5 of the Dungeon.
             The game lasted 00:06:11 (3612 turns).

safid the Skirmisher (Minotaur Hunter)              Turns: 3612, Time: 00:06:13

Health: -1/85      AC:  4    Str: 16    XL:     7   Next: 30%
Magic:  6/6        EV: 12    Int:  6    God:
Gold:   159        SH:  0    Dex: 15    Spells: 6/6 levels left

rFire   . . .      SeeInvis .   a - +0 shortbow
rCold   . . .      Faith    .   (shield currently unavailable)
rNeg    . . .      Spirit   .   c - +0 leather armour
rPois   .          Reflect  .   (helmet restricted)
rElec   .          Harm     .   (no cloak)
rCorr   +          Rampage  .   w - +0 pair of gloves
Will    .....                   (no boots)
Stlth   ..........              (no amulet)
HPRegen 0.24/turn               v - ring of resist corrosion
MPRegen 0.10/turn               (no ring)

@: berserking, lethally poisoned (-1 -> -5), very quick
A: horns 2, retaliatory headbutt
a: no special abilities


You were on level 5 of the Dungeon.
You visited 1 branch of the dungeon, and saw 5 of its levels.

You collected 159 gold pieces.

Inventory:

Hand Weapons
 a - a +0 shortbow (weapon)
Missiles
 o - 6 javelins
Armour
 c - a +0 leather armour (worn)
 w - a +0 pair of gloves (worn)
 D - a +0 pair of boots
Jewellery
 v - a ring of resist corrosion (left hand)
 C - a +6 ring of dexterity
Wands
 B - a wand of paralysis (6)
Scrolls
 b - 3 scrolls of immolation
 d - a scroll of butterflies {unknown}
 f - a scroll of acquirement {unknown}
 g - a scroll of fear {unknown}
 h - a scroll of enchant armour {unknown}
 j - 3 scrolls of identify {unknown}
 n - a scroll of poison {unknown}
 p - a scroll of vulnerability {unknown}
 s - a scroll of magic mapping {unknown}
 t - a scroll of brand weapon {unknown}
 x - a scroll of blinking {unknown}
 y - a scroll of noise {unknown}
Potions
 e - 2 potions of magic {unknown}
 i - 2 potions of curing {unknown}
 k - 2 potions of heal wounds {unknown}
 l - a potion of invisibility {unknown}
 m - 2 potions of berserk rage
 q - a potion of lignification {unknown}
 r - 2 potions of ambrosia {unknown}
 u - a potion of attraction {unknown}
 z - 3 potions of brilliance
 A - 2 potions of haste {unknown}


   Skills:
 - Level 3.0 Fighting
 + Level 9.7 Ranged Weapons
 - Level 2.1 Dodging
 - Level 0.7 Stealth


You had 6 spell levels left.
You didn't know any spells.
Your spell library contained the following spells:

 Spells                   Type           Power      Damage    Failure   Level
 Sandblast                Erth           0%         2d4       52%         1
 Passwall                 Tmut/Erth      0%         N/A       67%         2
 Stone Arrow              Conj/Erth      0%         3d7       88%         3


Dungeon Overview and Level Annotations

Branches:
Dungeon (5/15)
 Temple: D:4-7

Altars:
Elyvilon
Qazlal
Vehumet
Wu Jian

Shops:
D:4 *


Innate Abilities, Weirdness & Mutations

You have a pair of horns on your head.
You reflexively headbutt those who attack you in melee.


Message History

A red film seems to cover your vision as you go berserk!
You feel yourself moving faster!
You feel mighty!
You feel very sick. Something hits you.
* * * LOW HITPOINT WARNING * * *
You hear some strange, mumbled words.
Something tries to affect you, but you resist.
The phantom hits you.
* * * LOW HITPOINT WARNING * * *
The phantom blinks!
You blink.
Unknown command.
You are too berserk!
You are too injured to fight recklessly!
You are too berserk!
You are too berserk!
Unknown command.
You are too injured to fight recklessly!
You are too berserk!
You are too injured to fight recklessly!
You are too injured to fight recklessly!
You are too injured to fight recklessly!
You are too injured to fight recklessly!
Really attack while wielding your +0 shortbow?
Okay, then.
Welcome back, safid the Minotaur Hunter.
Press ? for a list of commands and other information.
Unknown command.
Really attack while wielding your +0 shortbow?
You clumsily bash the phantom.
The phantom is heavily damaged.
You feel sick. The phantom hits you.
* * * LOW HITPOINT WARNING * * *
You hit the orc priest! Your headbutt misses the orc priest.
The orc priest is heavily wounded.
You feel sick. The quokka barely misses you. You furiously retaliate!
You headbutt the quokka.
The phantom hits you but does no damage.
The orc priest calls down the wrath of Beogh upon you.
Beogh smites you!
You die...

#####.#
####...#.##
##.........#
..........<##
..........†.#
.....##.....#
......#.....##
.............#
......r@{##.##
......W.o##.#
.###..).#####
#......#
##...### #..##
... ##.. #..


You could see a phantom, an orc priest and a quokka.

Vanquished Creatures
  An ice beast (D:4)
  A centaur (D:4)
  A necrophage (D:5)
  3 hounds
  2 jellies (D:4)
  2 iguanas
  Natasha (thrice) (D:3)
  4 gnolls
  3 adders (D:4)
  2 worms
  4 dart slugs
  3 orcs
  7 ball pythons
  7 endoplasms
  2 giant cockroaches
  7 hobgoblins
  6 kobolds
  4 quokkas
  4 bats
  6 frilled lizards
  8 goblins
  5 rats
85 creatures vanquished.

Notes
Turn   | Place    | Note
-------+----------+-------------------------------------------
     0 | D:1      | safid the Minotaur Hunter began the quest for the Orb.
     0 | D:1      | Reached XP level 1. HP: 18/18 MP: 0/0
    92 | D:1      | Reached XP level 2. HP: 25/25 MP: 1/1
   260 | D:1      | Reached skill level 5 in Ranged Weapons
   315 | D:1      | Found a faded altar of an unknown god.
   326 | D:1      | Reached XP level 3. HP: 26/31 MP: 2/2
  1252 | D:3      | Identified the +1 helmet of Cowardice {Fly rF++ rC- Int-5}
  1339 | D:3      | Noticed Natasha
  1345 | D:3      | Killed Natasha
  1346 | D:3      | Reached skill level 6 in Ranged Weapons
  1346 | D:3      | Reached XP level 4. HP: 30/38 MP: 3/3
  1516 | D:3      | Noticed Natasha
  1520 | D:3      | Killed Natasha
  1714 | D:3      | Noticed Natasha
  1723 | D:3      | Killed Natasha
  1724 | D:3      | Reached XP level 5. HP: 20/45 MP: 4/4
  2061 | D:4      | Found an ornate altar of the Wu Jian Council.
  2092 | D:4      | Found a stormy altar of Qazlal.
  2099 | D:4      | Reached skill level 7 in Ranged Weapons
  2212 | D:4      | Noticed a centaur
  2217 | D:4      | Killed a centaur
  2218 | D:4      | Paralysed by a kobold for 3 turns
  2230 | D:4      | Reached XP level 6. HP: 36/51 MP: 5/5
  2324 | D:4      | Found a white marble altar of Elyvilon.
  2407 | D:4      | Reached skill level 8 in Ranged Weapons
  2707 | D:4      | Found Racij's Neck Hole.
  2790 | D:4      | Noticed an ice beast
  2803 | D:4      | Killed an ice beast
  2804 | D:4      | Reached skill level 9 in Ranged Weapons
  3045 | D:4      | Found a radiant altar of Vehumet.
  3408 | D:4      | Reached XP level 7. HP: 57/57 MP: 6/6
  3436 | D:5      | Entered Level 5 of the Dungeon
  3612 | D:5      | Killed from afar by an orc priest

Illustrated notes

Levels and vault maps discovered:
D:1:      dpeg_arrival_fog, layout_rooms, shapermc_ecumenical_altar_acropolis,
          glass_columns_a
D:2:      layout_basic, uniq_crazy_yiuf_cottage
D:3:      layout_rooms, minmay_misc_feat_tower, nrook_mini_backslash,
          uniq_natasha
D:4:      layout_basic, lemuel_tele_altar, lemuel_round_altar,
          mainiacjoe_overflow_six_doors_small, mainiacjoe_overflow_alcove_2,
          nicolae_shop_sticking_my_neck_out
D:5:      layout_cave_pools, uniq_sigmund

Skill      XL: |  1  2  3  4  5  6 |
---------------+-------------------+-----
Fighting       | 3 |  3.0
Ranged Weapons | 5 6 7 9 |  9.7
Dodging        | |  2.1
Stealth        | |  0.7

Action                   |  1- 3 |  4- 6 |  7- 9 || total
-------------------------+-------+-------+-------++-------
Melee: Shortbow          |       |       |     2 ||     2
 Fire: Shortbow          |   101 |   152 |    26 ||   279
  Use: Potion            |       |       |     1 ||     1
Armor: Leather armour    |     3 |    16 |     2 ||    21
Dodge: Dodged            |    18 |    36 |     7 ||    61
